Construct Light Support Kompanie
Pak 38 Anti-tank Gun Team
Selects Registered Artillery
Construct Panzerarmee Kommand
Selects Defensive Operations
Selects Prepared Positions
Walking Stuka Rocket Launcher
Pak 38 Anti-tank Gun Team
Walking Stuka Rocket Launcher
Selects Obice 305mm Barrage
Walking Stuka Rocket Launcher
Pak 38 Anti-tank Gun Team